 Dungeon Crawl Stone Soup version 0.21.1-1-g345015fe64 (webtiles) character file.

158658 RepoMan the Alchemist (level 17, -1/172 HPs)
             Began as a Green Draconian Transmuter on July 10, 2018.
             Was the Champion of Wu Jian.
             Slain by a tentacled monstrosity (9 damage)
             ... on level 4 of the Swamp on July 11, 2018.
             The game lasted 04:34:07 (30569 turns).

RepoMan the Alchemist (Green Draconian Transmuter) Turns: 30569, Time: 04:34:07

Health: -1/172     AC:  6    Str: 14    XL:     17   Next: 14%
Magic:  27/31      EV: 22    Int: 13    God:    Wu Jian [******]
Gold:   2525       SH:  0    Dex: 24    Spells: 5/37 levels left

rFire    x . .     SeeInvis .     - Unarmed
rCold    + + +     Gourm    .   (shield currently unavailable)
rNeg     . . .     Faith    .   (armour unavailable)
rPois    +         Spirit   .   (helmet currently unavailable)
rElec    .         Reflect  .   (cloak currently unavailable)
rCorr    .         Harm     .   (gloves currently unavailable)
MR       +....                  (boots currently unavailable)
Stlth    ++++++....             u - amulet of regeneration
HPRegen  0.78/turn              Z - ring of stealth
MPRegen  0.22/turn              s - +6 ring of dexterity

@: exhausted, about to teleport, ice-form, berserk cooldown, very slightly
contaminated, slowed, very slow
A: large, (breathe noxious fumes), unfitting armour, AC +9
a: End Transformation, Wall Jump, Serpent's Lash, Heavenly Storm, Renounce
Religion


You were on level 4 of the Swamp.
You worshipped Wu Jian.
Wu Jian was exalted by your worship.
You were hungry.
You were a creature of crystalline ice.
You visited 6 branches of the dungeon, and saw 29 of its levels.
You also visited: Labyrinth, Sewer and Ice Cave.

You collected 2976 gold pieces.
You spent 451 gold pieces at shops.

Inventory:

Missiles
 a - 321 arrows
 T - a throwing net (quivered)
Armour
 C - a +1 pair of gloves of strength (melded)
 E - the +2 pair of boots of the Assassin (melded) {Detection Stab+ Stlth++}
   (You found it in an ice cave)

   It makes you much more stealthy.
 J - a +0 hat (melded)
 P - a +0 cloak of invisibility (melded)
Jewellery
 d - an uncursed ring of teleportation
 f - an uncursed amulet of the gourmand
 s - a +6 ring of dexterity (right front paw)
 u - an amulet of regeneration (around neck)
 z - an uncursed ring of positive energy
 I - an uncursed ring of see invisible
 M - an uncursed ring of protection from fire
 U - an uncursed ring of stealth
 V - an uncursed ring of flight {unknown}
 Z - a ring of stealth (left front paw)
Wands
 k - a wand of paralysis (39)
 A - a wand of enslavement (17)
 F - a wand of clouds (16)
 G - a wand of acid (25)
 K - a wand of digging (13)
 N - a wand of iceblast (24)
Scrolls
 i - 11 scrolls of identify
 j - 4 scrolls of amnesia
 n - 8 scrolls of fog
 o - 17 scrolls of teleportation
 p - 6 scrolls of magic mapping
 x - a scroll of silence
 y - 2 scrolls of immolation
 B - 13 scrolls of remove curse
 O - a scroll of brand weapon
Potions
 b - a potion of magic
 e - 3 potions of brilliance
 g - a potion of heal wounds
 h - 3 potions of might
 m - 10 potions of curing
 r - 5 potions of flight
 w - a potion of ambrosia
 D - a potion of resistance
 H - a potion of mutation
 X - a potion of berserk rage
 Y - a potion of cancellation
Books
 l - a book of Transfigurations

   Spells                             Type                      Level
   a - Irradiate                      Conjuration/Transmutation    5
   b - Statue Form                    Transmutation/Earth          6
   c - Hydra Form                     Transmutation                6
   d - Dragon Form                    Transmutation                7
 v - a book of Cantrips

   Spells                             Type                      Level
   a - Confusing Touch                Hexes                        1
   b - Animate Skeleton               Necromancy                   1
   c - Summon Small Mammal            Summoning                    1
   d - Apportation                    Translocation                1
 L - a book of Frost

   Spells                             Type                      Level
   a - Freeze                         Ice                          1
   b - Throw Frost                    Conjuration/Ice              2
   c - Ozocubu's Armour               Charms/Ice                   3
   d - Throw Icicle                   Conjuration/Ice              4
   e - Summon Ice Beast               Ice/Summoning                4
 R - a Fen Folio

   Spells                             Type                      Level
   a - Corpse Rot                     Necromancy                   2
   b - Stone Arrow                    Conjuration/Earth            3
   c - Leda's Liquefaction            Hexes/Earth                  4
   d - Summon Forest                  Summoning/Translocation      5
   e - Hydra Form                     Transmutation                6
   f - Summon Hydra                   Summoning                    7
Miscellaneous
 t - a lightning rod (4/4)
 Q - a phial of floods
Comestibles
 c - 35 rations


   Skills:
 - Level 11.3 Fighting
 - Level 13.2 Dodging
 - Level 10.2 Stealth
 - Level 14.7 Unarmed Combat
 - Level 10.5 Spellcasting
 - Level 1.2 Charms
 * Level 15.5 Transmutations


You had 5 spell levels left.
You knew the following spells:

 Your Spells              Type           Power        Failure   Level  Hunger
a - Beastly Appendage     Tmut           #####.       1%          1    None
c - Spider Form           Tmut/Pois      ####......   1%          3    #......
d - Dragon Form           Tmut           #####.....   14%         7    #######
g - Apportation           Tloc           #.....       11%         1    None
h - Blade Hands           Tmut           #####.....   1%          5    #####..
i - Ice Form              Ice/Tmut       ####....     4%          4    ###....
o - Ozocubu's Armour      Chrm/Ice       #.......     24%         3    #......
t - Confusing Touch       Hex            #.....       11%         1    None
v - Sticks to Snakes      Tmut           #####...     1%          2    None
x - Irradiate             Conj/Tmut      ####......   12%         5    #####..


Dungeon Overview and Level Annotations

Branches:
Dungeon (15/15)            Temple (1/1) D:5            Lair (6/6) D:10
  Swamp (4/4) Lair:2        Snake (1/4) Lair:2        Slime (0/5) Lair:6
    Orc (2/2) D:11            Elf (0/3) Orc:2        Vaults (0/5) D:13
 Depths (0/5) D:15

Altars:
Ashenzari
Cheibriados
Dithmenos
Elyvilon
Fedhas
Gozag
Hepliaklqana
Kikubaaqudgha
Makhleb
Nemelex Xobeh
Okawaru
Qazlal
Ru
Sif Muna
Trog
Uskayaw
Vehumet
Wu Jian
Xom
Yredelemnul
Zin
The Shining One
Beogh
Jiyva

Shops:
D:3 *   D:13 =[   Orc:2 ?(((

Annotations:
D:15 Nessos
Swamp:2 exclusion: 2 downstairs


Innate Abilities, Weirdness & Mutations

((You can breathe blasts of noxious fumes.))
((Your lurid green scales are hard. (AC +9)))
You cannot fit into any form of body armour.
((Your tail ends in a poisonous barb.))
((Your system is resistant to poisons. (rPois)))
((You are cold-blooded and may be slowed by cold attacks.))


Message History

Your adder barely misses the tentacled monstrosity.
You escape the tentacled monstrosity's grasp.
Your adder bites the tentacled monstrosity. x2
The tentacled monstrosity tentacle-slaps your adder! x2
Your adder dies!
Your adder barely misses the tentacled monstrosity.
Okay, then.
Okay, then.
You are too exhausted to lash out.
Okay, then.
As you read the scroll of teleportation, it crumbles to dust.
You feel strangely unstable.
Your adder barely misses the tentacled monstrosity.
Your adder bites the tentacled monstrosity but does no damage.
The tentacled monstrosity tentacle-slaps you.
* * * LOW HITPOINT WARNING * * *
The tentacled monstrosity tentacle-slaps you.
* * * LOW HITPOINT WARNING * * *
The tentacled monstrosity tentacle-slaps you!
You die...

♣≈♣≈♣♣ ♣♣♣...≈≈≈♣
♣♣♣♣♣♣♣♣♣≈.≈≈....♣
♣♣♣♣♣..♣♣≈.≈≈≈≈♣♣♣
♣♣≈≈≈.[.≈.≈≈....♣♣ ♣♣♣
≈..≈≈≈.♣.≈≈≈≈≈≈<.♣♣♣♣♣♣§♣
♣≈.≈≈≈.♣♣≈≈≈≈≈≈≈....≈♣..♣♣
♣♣.§≈.♣♣♣.≈≈≈≈≈≈≈≈≈.♣≈≈≈≈♣
.♣.≈≈≈♣♣≈..§≈≈≈..≈≈≈♣♣.≈.♣
......♣♣♣.≈≈≈≈SXY...♣♣♣♣♣♣
.≈≈.≈♣♣♣..≈≈≈≈≈.≈≈..♣.≈.≈♣
.≈§≈♣♣♣≈.≈≈≈≈D≈≈≈≈...≈≈≈.♣
♣♣♣♣≈.........≈≈≈≈≈≈≈.≈≈.♣
≈♣♣♣.≈≈≈≈≈≈.♣♣♣.≈≈≈.≈≈≈♣♣♣
..≈♣.≈≈≈§≈≈.♣♣♣♣..≈..≈♣♣♣
≈..≈.≈≈≈≈...≈♣......≈≈≈.♣
≈≈≈..≈≈≈≈.≈♣♣≈....≈.≈≈≈.♣♣
.≈≈≈≈≈≈≈≈.♣♣♣♣♣♣♣.≈≈≈≈≈≈.♣


You could see a tentacled monstrosity, an eight-headed hydra and a friendly
adder.

Vanquished Creatures
  A tentacled monstrosity (Swamp:2)
  A thorn hunter (Swamp:1)
  Kirke (D:15)
  A storm dragon (D:14)
  A fire giant (D:14)
  2 orc warlords (Orc:2)
  2 frost giants
  2 very ugly things
  Josephine (Orc:1)
  A minotaur (Lab)
  Snorg (D:13)
  Erolcha (D:13)
  4 vault guards (D:13)
  A yaktaur captain (D:14)
  18 hydras
  Harold (Orc:1)
  Fannar (Lair:1)
  2 catoblepae
  A centaur warrior (D:15)
  4 ghost crabs
  13 alligators
  6 two-headed ogres
  A death yak (shapeshifter) (D:14)
  A tengu warrior (D:13)
  7 death yaks
  5 orc high priests (Orc:2)
  A deep troll earth mage (D:14)
  A thrashing horror (Swamp:4)
  Urug (D:13)
  Sonja (Lair:1)
  9 spriggans
  A sea snake (shapeshifter) (D:14)
  4 orc knights (Orc:2)
  2 unseen horrors (D:13)
  2 wizards (D:14)
  A spriggan druid (Swamp:4)
  5 swamp dragons (Swamp:4)
  Pikel (D:5)
  A phantasmal warrior (D:14)
  A deep elf archer (D:15)
  A lindwurm (shapeshifter) (D:15)
  2 mana vipers (Snake:1)
  10 ugly things
  The ghost of Thargor the Quickloader, a novice GnHu of Cheibriados (D:7)
  A deep elf mage (D:13)
  A wolf spider (Lair:6)
  A salamander (Snake:1)
  3 orc sorcerers (Orc:2)
  7 cyclopes
  The ghost of AAA992 the Basher, a novice GrMo of Makhleb (D:8)
  2 manticores
  12 elephants
  A guardian serpent (Lair:6)
  A naga mage (Snake:1)
  2 ice statues (IceCv)
  12 black mambas
  A gargoyle (D:14)
  24 spiny frogs
  4 centaur skeletons
  An orange demon (Swamp:4)
  A kobold demonologist (D:15)
  A freezing wraith (D:15)
  7 komodo dragons
  7 ice devils (IceCv)
  A rime drake (Lair:4)
  A wandering mushroom (Orc:1)
  A wolf spider simulacrum (D:14)
  A tengu conjurer (D:13)
  A tyrant leech (Swamp:4)
  9 polar bears (Lair:6)
  4 trolls
  11 hornets
  Grinder (D:5)
  6 bog bodies
  A wind drake (shapeshifter) (D:14)
  Prince Ribbit (D:5)
  20 blink frogs
  10 slime creatures
  5 dream sheep (Lair:6)
  A raiju (Lair:6)
  10 hippogriffs
  A redback (Lair:6)
  6 shadows
  45 yaks
  5 wraiths
  A wyvern (shapeshifter) (D:14)
  7 wyverns
  A vampire (D:14)
  8 hogs
  A human (D:7)
  6 basilisks
  11 vampire mosquitoes
  6 insubstantial wisps
  15 swamp worms
  9 wargs
  A soldier ant (D:14)
  3 nagas (Lair:2)
  An acid dragon (D:14)
  16 hell hounds (Lair:6)
  27 water moccasins
  6 porcupines
  34 orc warriors
  6 swamp drakes
  10 ogres
  3 ice beasts
  A necrophage (D:9)
  A phantom (D:6)
  A sky beast (D:11)
  14 black bears
  An eye of draining (D:13)
  16 wolves
  12 centaurs
  11 crocodiles
  A wyvern zombie (D:15)
  18 bullfrogs
  A wyvern skeleton (D:9)
  2 scorpions
  A killer bee (D:13)
  6 wights
  A howler monkey (D:5)
  An electric eel (Lair:2)
  6 crimson imps
  A bullfrog zombie (D:12)
  4 centaur zombies
  2 quasits
  8 hounds
  24 orc wizards
  A bullfrog skeleton (D:10)
  2 jellies
  28 orc priests
  7 iguanas
  Ijyb (D:5)
  A worker ant (shapeshifter) (D:14)
  9 worker ants
  A hound skeleton (D:5)
  A worker ant zombie (D:6)
  10 gnolls
  15 adders
  3 river rats (Sewer)
  5 shadow imps
  8 white imps (IceCv)
  5 ufetubi (IceCv)
  An ooze (D:5)
  An adder zombie (D:6)
  2 adder skeletons
  2 worms
  A dart slug (D:5)
  3 leopard geckos
  107 orcs
  8 ball pythons
  7 bats
  10 giant cockroaches
  7 goblins
  7 hobgoblins
  11 jackals
  6 quokkas
  5 frilled lizards
  A jackal skeleton (D:4)
  9 kobolds
  A leopard gecko skeleton (D:4)
  A quokka skeleton (D:5)
  A quokka zombie (D:6)
  13 rats
  A fungus (D:1)
  2 plants
965 creatures vanquished.

Vanquished Creatures (collateral kills)
  A cyclops (D:11)
  2 hornets
  3 wights (D:8)
  An orc priest (D:8)
  A worker ant zombie (D:8)
  5 adders
  2 river rats (Sewer)
  3 orcs
  4 ball pythons (Sewer)
  A giant cockroach (D:3)
  A hobgoblin (D:2)
  2 jackals
  4 frilled lizards
  17 rats (Sewer)
47 creatures vanquished.

Vanquished Creatures (others)
  A reaper (IceCv)
  A human (D:15)
  A hungry ghost (D:8)
  A water moccasin (D:8)
  A slave (D:5)
  An orc priest (D:5)
  3 orc wizards
  3 gnolls (D:5)
  An adder (D:7)
  5 white imps (IceCv)
  2 ufetubi (IceCv)
  An orc (D:5)
  5 fungi
  9 plants
35 creatures vanquished.

Grand Total: 1047 creatures vanquished

Notes
Turn   | Place    | Note
-------+----------+-------------------------------------------
     0 | D:1      | RepoMan the Draconian Transmuter began the quest for the Orb.
     0 | D:1      | Reached XP level 1. HP: 16/16 MP: 3/3
   268 | D:1      | Reached XP level 2. HP: 23/23 MP: 3/5
   375 | D:1      | Learned a level 2 spell: Sticks to Snakes
  1072 | D:1      | Reached XP level 3. HP: 28/28 MP: 3/6
  1103 | D:1      | Learned a level 3 spell: Spider Form
  1221 | D:2      | Reached skill level 3 in Transmutations
  1601 | D:2      | Reached XP level 4. HP: 33/35 MP: 3/7
  2264 | D:3      | Found Gozag's Platinum Reserve.
  2264 | D:3      | Found an opulent altar of Gozag.
  2348 | D:3      | Found a glowing drain.
  2407 | Sewer    | Entered a sewer
  2537 | Sewer    | Reached XP level 5. HP: 40/40 MP: 5/9
  3045 | Sewer    | Reached skill level 4 in Transmutations
  3045 | Sewer    | Reached XP level 6. HP: 24/48 MP: 5/10
  3559 | D:3      | Reached skill level 5 in Unarmed Combat
  3836 | D:4      | Found a stormy altar of Qazlal.
  4096 | D:4      | Your scales start taking on a lurid green colour.
  4096 | D:4      | Reached XP level 7. HP: 49/56 MP: 7/12
  4096 | D:4      | Gained mutation: Your system is resistant to poisons. (rPois) [Green Draconian growth]
  4499 | D:5      | Entered Level 5 of the Dungeon
  4511 | D:5      | Noticed Prince Ribbit
  4525 | D:5      | Killed Prince Ribbit
  4525 | D:5      | Reached skill level 5 in Transmutations
  4737 | D:5      | Noticed Ijyb
  4740 | D:5      | Paralysed by Ijyb for 6 turns
  4768 | D:5      | Killed Ijyb
  4804 | D:5      | Found a staircase to the Ecumenical Temple.
  4807 | D:5      | Noticed Pikel
  4809 | Temple   | Entered the Ecumenical Temple
  4906 | Temple   | Became a worshipper of the Wu Jian Council
  4964 | D:5      | Killed Pikel
  4964 | D:5      | Reached skill level 6 in Transmutations
  4964 | D:5      | Reached XP level 8. HP: 32/66 MP: 9/14
  5279 | D:5      | Noticed Grinder
  5292 | D:5      | Killed Grinder
  5878 | D:6      | Reached * piety under Wu Jian
  5934 | D:6      | Reached XP level 9. HP: 55/72 MP: 15/15
  6847 | D:7      | Reached skill level 7 in Transmutations
  7044 | D:7      | Reached skill level 5 in Spellcasting
  7048 | D:7      | Reached skill level 5 in Fighting
  7099 | D:7      | Noticed Thargor's ghost (novice GnHu)
  7384 | D:8      | Reached skill level 8 in Transmutations
  7545 | D:8      | Reached ** piety under Wu Jian
  7664 | D:8      | Reached XP level 10. HP: 82/82 MP: 18/18
  7735 | D:8      | Noticed a two-headed ogre
  7837 | D:8      | Killed a two-headed ogre
  7837 | D:8      | Reached skill level 5 in Dodging
  7998 | D:8      | Found an ancient bone altar of Kikubaaqudgha.
  8081 | D:8      | Noticed AAA992's ghost (novice GrMo)
  8480 | D:8      | Killed AAA992's ghost
  8807 | D:9      | Reached *** piety under Wu Jian
  8892 | D:9      | Reached skill level 9 in Transmutations
  9324 | D:10     | Entered Level 10 of the Dungeon
  9334 | D:10     | Found a staircase to the Lair.
  9334 | D:10     | Noticed a death yak
  9364 | D:10     | Killed a death yak
  9562 | D:10     | Noticed a two-headed ogre
  9575 | D:10     | Killed a two-headed ogre
  9575 | D:10     | Reached XP level 11. HP: 75/91 MP: 17/20
  9825 | D:10     | Reached skill level 10 in Unarmed Combat
  9919 | D:10     | Learned a level 5 spell: Blade Hands
  9952 | D:10     | Reached **** piety under Wu Jian
 10194 | D:11     | Found a frozen archway.
 10217 | IceCv    | Entered an ice cave
 10226 | IceCv    | Learned a level 4 spell: Ice Form
 10487 | IceCv    | Reached skill level 10 in Transmutations
 10509 | IceCv    | Found the +2 pair of boots of the Assassin {Detection Stab+ Stlth++}
 10558 | IceCv    | Killed a reaper
 10844 | IceCv    | Got an ebony demon trident
 11118 | D:11     | Reached ***** piety under Wu Jian
 11161 | D:11     | Found a bloodstained altar of Trog.
 11519 | D:11     | Found a staircase to the Orcish Mines.
 11708 | Lair:1   | Entered Level 1 of the Lair of Beasts
 11808 | Lair:1   | Reached XP level 12. HP: 73/101 MP: 19/22
 11911 | Lair:1   | Noticed Fannar
 11928 | Lair:1   | Killed Fannar
 11990 | Lair:1   | Found a basalt altar of Yredelemnul.
 12073 | Lair:1   | Noticed Sonja
 12082 | Lair:1   | Killed Sonja
 12082 | Lair:1   | Reached skill level 11 in Transmutations
 12586 | Lair:2   | Found a staircase to the Swamp.
 12586 | Lair:2   | Noticed an eight-headed hydra
 12599 | Lair:2   | Killed an eight-headed hydra
 12970 | Lair:2   | Found a staircase to the Snake Pit.
 14799 | Lair:4   | Noticed a catoblepas
 14807 | Lair:4   | Killed a catoblepas
 14820 | Lair:4   | Found a labyrinth entrance.
 14830 | Lab      | Entered a labyrinth
 15315 | Lab      | Noticed a minotaur
 15333 | Lab      | Killed a minotaur
 15335 | Lab      | Got an ancient iron ring
 15343 | Lab      | Identified the ring "Wurphagh" {*Contam rPois Int+4 Dex+7 Stlth+} (You took it off a minotaur in a labyrinth)
 15383 | Lair:4   | Noticed a five-headed hydra
 15388 | Lair:4   | Killed a five-headed hydra
 15388 | Lair:4   | Reached XP level 13. HP: 111/111 MP: 20/25
 15508 | Lair:4   | Reached skill level 12 in Transmutations
 16832 | Lair:6   | Entered Level 6 of the Lair of Beasts
 17358 | Lair:6   | Found a viscous altar of Jiyva.
 17358 | Lair:6   | Found a staircase to the Slime Pits.
 17551 | Lair:6   | Gained mutation: Your tail ends in a poisonous barb. [Green Draconian growth]
 17551 | Lair:6   | Reached XP level 14. HP: 51/119 MP: 26/26
 17678 | Lair:6   | Reached skill level 10 in Dodging
 17678 | Lair:6   | Reached skill level 13 in Transmutations
 18072 | Lair:6   | Reached skill level 10 in Fighting
 18483 | Lair:6   | Reached ****** piety under Wu Jian
 19261 | Orc:1    | Entered Level 1 of the Orcish Mines
 19268 | Orc:1    | Noticed Harold
 19358 | Orc:1    | Killed Harold
 19364 | Orc:1    | Found a roughly hewn altar of Beogh.
 19471 | Orc:1    | Noticed Josephine
 19484 | Orc:1    | Killed Josephine
 19769 | Orc:2    | Entered Level 2 of the Orcish Mines
 20030 | Orc:2    | Found a roughly hewn altar of Beogh.
 20120 | Orc:2    | Found Jaoboir's Antique Weapon Boutique.
 20147 | Orc:2    | Found Estroliogg's Weapon Shop.
 20293 | Orc:2    | Noticed an orc warlord
 20298 | Orc:2    | Killed an orc warlord
 20536 | Orc:2    | Found Ahogomypn's Magic Scroll Shoppe.
 20542 | Orc:2    | Reached XP level 15. HP: 85/128 MP: 22/28
 20554 | Orc:2    | Bought a scroll of identify for 20 gold pieces
 20554 | Orc:2    | Bought a scroll of identify for 20 gold pieces
 20554 | Orc:2    | Bought a scroll of identify for 20 gold pieces
 20554 | Orc:2    | Bought a scroll of identify for 20 gold pieces
 20554 | Orc:2    | Bought a scroll of identify for 20 gold pieces
 20554 | Orc:2    | Bought a scroll of magic mapping for 35 gold pieces
 20660 | Orc:2    | Noticed an orc warlord
 20666 | Orc:2    | Killed an orc warlord
 20666 | Orc:2    | Reached skill level 14 in Transmutations
 20859 | Orc:2    | Found Darar's Antique Weapon Boutique.
 21307 | Orc:2    | Found a staircase to the Elven Halls.
 21424 | Orc:2    | Found a roughly hewn altar of Beogh.
 21815 | D:7      | Killed Thargor's ghost
 22510 | D:12     | Reached skill level 1 in Stealth
 22825 | D:13     | Noticed Snorg
 22859 | D:13     | Killed Snorg
 22911 | D:13     | Found a gate to the Vaults.
 23193 | D:13     | Found Xuoqisot's Antique Armour Shoppe.
 23197 | D:13     | Bought a pair of embroidered gloves for 232 gold pieces
 23403 | D:13     | Found Lumpakeu's Jewellery Emporium.
 23405 | D:13     | Reached skill level 5 in Stealth
 23411 | D:13     | Bought a cursed amulet of inaccuracy for 26 gold pieces
 23411 | D:13     | Bought a cursed ring of loudness for 58 gold pieces
 23453 | D:13     | Noticed Erolcha
 23457 | D:13     | Killed Erolcha
 23604 | D:13     | Noticed Urug
 23615 | D:13     | Killed Urug
 24143 | D:14     | Noticed a storm dragon
 24168 | D:14     | Killed a storm dragon
 24290 | D:14     | Noticed a storm dragon
 24290 | D:14     | a death yak changed into a storm dragon
 24357 | D:14     | Noticed a frost giant
 24360 | D:14     | Noticed a fire giant
 24373 | D:14     | Killed a fire giant
 24374 | D:14     | Killed a frost giant
 25177 | D:14     | You fall through a shaft!
 25177 | D:15     | Entered Level 15 of the Dungeon
 25195 | D:15     | Reached XP level 16. HP: 136/136 MP: 23/29
 25284 | D:15     | Found a staircase to the Depths.
 26075 | D:15     | Found a deep blue altar of Sif Muna.
 26082 | D:15     | Noticed Kirke
 26113 | D:15     | Killed Kirke
 26211 | D:15     | Noticed Nessos
 26451 | Snake:1  | Entered Level 1 of the Snake Pit
 26669 | Swamp:1  | Entered Level 1 of the Swamp
 26755 | Swamp:1  | Noticed a thorn hunter
 26769 | Swamp:1  | Killed a thorn hunter
 26965 | Swamp:1  | Reached skill level 10 in Stealth
 27486 | Swamp:2  | Learned a level 3 spell: Ozocubu's Armour
 27963 | Swamp:2  | You fall through a shaft!
 28162 | Swamp:2  | Noticed a tentacled monstrosity
 28372 | Swamp:2  | Killed a tentacled monstrosity
 28372 | Swamp:2  | Reached skill level 10 in Spellcasting
 28372 | Swamp:2  | Reached skill level 1 in Charms
 29212 | Swamp:3  | Learned a level 1 spell: Confusing Touch
 29214 | Swamp:3  | Learned a level 1 spell: Apportation
 29220 | Swamp:3  | Learned a level 5 spell: Irradiate
 29244 | Swamp:3  | Learned a level 7 spell: Dragon Form
 29618 | Swamp:4  | Entered Level 4 of the Swamp
 29855 | Swamp:4  | Reached skill level 15 in Transmutations
 29940 | Swamp:4  | Reached XP level 17. HP: 138/144 MP: 28/31
 30285 | Swamp:4  | Noticed a tentacled monstrosity
 30569 | Swamp:4  | HP: 8/172 [tentacled monstrosity (2)]
 30569 | Swamp:4  | Slain by a tentacled monstrosity

Skill      XL: |  1  2  3  4  5  6  7  8  9 10 11 12 13 14 15 16 |
---------------+-------------------------------------------------+-----
Transmutations | 3 4 6 8 9 10 11 12 13 14 15 | 15.5
Unarmed Combat | 4 5 6 7 8 9 11 12 13 14 | 14.7
Dodging        | 2 3 4 5 6 8 9 11 12 13 | 13.2
Fighting       | 2 3 4 5 6 7 9 10 11 | 11.3
Spellcasting   | 3 4 5 6 7 8 9 10 | 10.5
Stealth        | 8 10 | 10.2
Charms         | 1 |  1.2

Action                   |  1- 3 |  4- 6 |  7- 9 | 10-12 | 13-15 | 16-18 || total
-------------------------+-------+-------+-------+-------+-------+-------++-------
Melee: Unarmed           |    93 |   195 |   310 |   628 |  1107 |   504 ||  2837
       Kick              |    13 |    18 |    11 |     5 |       |       ||    47
       Tailslap          |     9 |    12 |    21 |    42 |   143 |    31 ||   258
       Headbutt          |     3 |     4 |    12 |    20 |     8 |       ||    47
       Punch             |     1 |     1 |     3 |    12 |    69 |    19 ||   105
Throw: Throwing net      |       |       |       |       |     2 |     2 ||     4
 Cast: Beastly Appendage |    21 |    29 |    25 |    19 |     5 |       ||    99
       Sticks to Snakes  |     6 |    21 |    10 |    40 |       |     9 ||    86
       Spider Form       |     1 |     5 |    17 |    20 |       |       ||    43
       Ice Form          |       |       |       |    20 |     7 |    33 ||    60
       Blade Hands       |       |       |       |     9 |    78 |    18 ||   105
       Ozocubu's Armour  |       |       |       |       |       |     4 ||     4
Invok: Lunge             |       |       |    33 |   106 |   181 |    72 ||   392
       Whirlwind         |       |       |    19 |   173 |   341 |   164 ||   697
       Wall Jump         |       |       |       |    15 |    33 |     4 ||    52
       Serpent's Lash    |       |       |       |     2 |     5 |    15 ||    22
       Heavenly Storm    |       |       |       |       |     1 |       ||     1
 Abil: End Transformatio |       |     1 |       |     1 |     4 |    15 ||    21
       Breathe Noxious F |       |       |    17 |    36 |    50 |    17 ||   120
Evoke: Wand              |       |       |    10 |     9 |     6 |     8 ||    33
  Use: Scroll            |       |     8 |    10 |    12 |     7 |    11 ||    48
       Potion            |       |     2 |       |     8 |       |    11 ||    21
 Stab: Distracted        |       |     2 |       |     1 |     2 |     3 ||     8
       Sleeping          |       |     1 |     2 |    11 |    53 |    14 ||    81
       Confused          |       |       |    10 |    25 |    42 |    12 ||    89
       Paralysed         |       |       |     8 |       |       |       ||     8
       Petrified         |       |       |       |       |     1 |       ||     1
  Eat: Chunk             |     3 |    11 |    10 |    28 |    46 |    10 ||   108
       Ration            |       |       |     2 |     4 |     5 |     6 ||    17
Armor: Skin              |    24 |    70 |    27 |    83 |   108 |    44 ||   356
Dodge: Dodged            |    42 |   144 |   211 |   335 |   508 |   377 ||  1617
